 Dungeon Crawl Stone Soup version 0.27-a0-860-gaf99fae3ca (webtiles) character file.

Game seed: 2836205192048224061

46 spiderkeys the Shield-Bearer (level 3, -1/30 HPs)
             Began as a Formicid Fighter on Apr 2, 2021.
             Was a Follower of Wu Jian.
             Slain by Sigmund
             ... wielding a +0 scythe
              (8 damage)
             ... on level 2 of the Dungeon.
             The game lasted 00:01:47 (1364 turns).

spiderkeys the Shield-Bearer (Formicid Fighter)     Turns: 1364, Time: 00:01:48

Health: -1/30      AC:  7    Str: 21    XL:     3   Next: 92%
Magic:  3/3        EV:  8    Int:  7    God:    Wu Jian [*.....]
Gold:   39         SH:  0    Dex: 10    Spells: 2/2 levels left

rFire    . . .     SeeInvis +   a - +0 war axe
rCold    . . .     Faith    .   c - +0 kite shield
rNeg     . . .     Spirit   .   b - +0 scale mail
rPois    .         Reflect  .   (helmet unavailable)
rElec    .         Harm     .   (no cloak)
rCorr    .         Rampage  .   (no gloves)
Will     .....                  (no boots)
Stlth    ..........             (no amulet)
HPRegen  0.10/turn              (no ring)
MPRegen  0.08/turn              (no ring)

@: confused
A: permanent stasis, dig shafts and tunnels, antennae 3, four strong arms
a: Dig, Shaft Self, Renounce Religion


You were on level 2 of the Dungeon.
You worshipped Wu Jian.
Wu Jian was aware of your devotion.
You visited 1 branch of the dungeon, and saw 2 of its levels.

You collected 39 gold pieces.

Inventory:

Hand Weapons
 a - a +0 war axe (weapon)
Armour
 b - a +0 scale mail (worn)
 c - a +0 kite shield (worn)
Potions
 d - a potion of might
 e - a potion of mutation {unknown}
 f - 2 potions of heal wounds {unknown}


   Skills:
 + Level 3.6 Fighting
 * Level 2.9 Axes
 + Level 3.7 Armour
 + Level 4.0 Shields


You had 2 spell levels left.
You didn't know any spells.
Your spell library was empty.

Dungeon Overview and Level Annotations

Branches:
Dungeon (2/15)

Altars:
Wu Jian

Annotations:
D:2 Sigmund


Innate Abilities, Weirdness & Mutations

You cannot be hasted, slowed, berserked, paralysed or teleported.
You can dig through walls and to a lower floor.
You have a pair of large antennae on your head. (SInv)
Your four strong arms can wield two-handed weapons with a shield.


Message History

No target in view!
You now have 39 gold pieces (gained 9).
You sense a monster nearby.
Sigmund the Dreaded comes into view.
He is wielding a +0 scythe.
Sigmund shouts!
Found 22 stones.
You lunge at Sigmund.
You hit Sigmund.
Sigmund is lightly wounded.
Sigmund hits you but does no damage.
You barely miss Sigmund.
Sigmund is lightly wounded.
Sigmund hits you with a +0 scythe!
You barely miss Sigmund.
Sigmund is lightly wounded.
Sigmund points at you and mumbles some strange words.
You resist with some effort.
You slash Sigmund!
Sigmund is severely wounded.
You block Sigmund's attack. Sigmund casts a spell at you.
The magic dart hits you but does no damage.
You barely miss Sigmund.
Sigmund is severely wounded.
Sigmund hits you with a +0 scythe!
You are too injured to fight recklessly!
You are too injured to fight recklessly!
You are too injured to fight recklessly!
Your shield and scale mail prevent you from hitting Sigmund.
Sigmund is severely wounded.
Sigmund gestures at you while chanting.
You are confused.
Sigmund hits you but does no damage. Sigmund barely misses you.
You miss Sigmund.
Sigmund is severely wounded.
Sigmund closely misses you.
Sigmund hits you from afar with a +0 scythe!
* * * LOW HITPOINT WARNING * * *
Sigmund hits you with a +0 scythe!
You die...

.(.....†..........#
#######..#........#
#.##........#
...####.######
....# ##.########
#...... #.........#
#...... #.........#
##.##.#.#....@....#
#.....@.....#
..............#
.#(...........#
#.##.........# ...
#.........# .
#.........#
#.........#
###########


You could see Sigmund.

Vanquished Creatures
  An adder (D:2)
  9 endoplasms
  A giant cockroach (D:2)
  3 goblins (D:1)
  2 hobgoblins (D:1)
  3 kobolds
  A quokka (D:1)
  4 ball pythons (D:1)
  4 bats (D:1)
  3 frilled lizards (D:1)
  3 rats (D:1)
34 creatures vanquished.

Notes
Turn   | Place    | Note
-------+----------+-------------------------------------------
     0 | D:1      | spiderkeys the Formicid Fighter began the quest for the
                  | Orb.
     0 | D:1      | Reached XP level 1. HP: 18/18 MP: 1/1
   231 | D:1      | Reached XP level 2. HP: 24/24 MP: 2/2
   657 | D:1      | Reached XP level 3. HP: 28/29 MP: 3/3
  1030 | D:1      | Reached skill level 4 in Shields
  1303 | D:2      | Found a faded altar of an unknown god.
  1312 | D:2      | Became a worshipper of the Wu Jian Council
  1312 | D:2      | Reached * piety under Wu Jian
  1353 | D:2      | Noticed Sigmund
  1364 | D:2      | Slain by Sigmund

Illustrated notes

Levels and vault maps discovered:
D:1:      saegor_arrival_simple_b, layout_loops_corners
D:2:      layout_rooms, ebering_ecumenical_altar_mist, uniq_sigmund

Skill      XL: |  1  2  3 |
---------------+----------+-----
Shields        | 4 |  4.0
Fighting       | |  3.6
Axes           | |  2.9
Armour         | |  3.7

Action                   || total
-------------------------++-------
Melee: War axe           ||   100
Invok: Lunge             ||     1
Armor: Scale mail        ||    28
Dodge: Dodged            ||    38
Block: Kite shield       ||    56

Table legend: (Time is in decaauts)
 A = Elapsed time spent in this place.
 B = Non-inter-level travel time spent in this place.
 C = Inter-level travel time spent in this place.
 D = Time resting spent in this place.
 E = Time spent auto-exploring this place.
 F = Levels seen in this place.
 G = Mean time per level.
                   A        B        C        D        E       F      G
               +--------+--------+--------+--------+--------+-----+--------+
         Total |   1416 |   1394 |     22 |      0 |   1127 |   2 |  708.0 |
       Dungeon |   1416 |   1394 |     22 |      0 |   1127 |   2 |  708.0 |
               +--------+--------+--------+--------+--------+-----+--------+

Top non-repeatable levels by time:
     D:1: 1330 daAuts
     D:2: 85 daAuts
